| TOP OF THE 1ST |
|
Washington State University Cougars batting - Pitching for Ohio State University Buckeyes : RHP Eric Long
|
|
Pitching: RHP Eric Long
|
|
|
Batting: LHB David Jackson
|
0-0: Called Strike 0-1: Fly out, F8 (Flyball, 8RXD, EV 87.5 MPH)
|
|
Batting: RHB Mas Langat
|
0-0: Ball 1-0: Ball 2-0: Called Strike 2-1: SINGLE (Groundball, 56D, EV 107.5 MPH)
|
|
Batting: LHB Scott Spillers
|
0-0: Ball 1-0: Ball 2-0: Ball 3-0: Called Strike 3-1: Base on Balls Mas Langat to second
|
|
Batting: SHB Juan Delanoval
|
0-0: Swinging Strike 0-1: Fly out, F8 (Flyball, 8LM, EV 95.6 MPH)
|
|
Batting: LHB Israel Ariza
|
0-0: Ball 1-0: Ball 2-0: Ball 3-0: Base on Balls Mas Langat to third Scott Spillers to second
|
|
Batting: RHB Wil Gonzales
|
0-0: SINGLE (Line Drive, 56D, EV 103.1 MPH) Mas Langat scores Scott Spillers to third Israel Ariza to second Runner from 3rd tries for Home, SAFE, throw by LF to home
|
|
Batting: RHB Ryan Toth
|
0-0: Ball 1-0: Called Strike 1-1: Ball 2-1: Foul Ball, location: 2F 2-2: Ball 3-2: Foul Ball, location: 2F 3-2: Foul Ball, location: 2F 3-2: Foul Ball, location: 2F 3-2: Foul Ball, location: 2F 3-2: DOUBLE (Line Drive, 89D, EV 112.5 MPH) Israel Ariza scores Wil Gonzales to third Wil Gonzales scores
|
|
Batting: RHB Ron Essink
|
0-0: Ball 1-0: Ground out 5-3 (Groundball, 56, EV 88.1 MPH)
|
| Top of the 1st over - 4 runs, 3 hits, 0 errors, 1 left on base; Washington State University 4 - Ohio State University 0 |
| BOTTOM OF THE 1ST |
|
Ohio State University Buckeyes batting - Pitching for Washington State University Cougars : RHP Manuel Santiago
|
|
Pitching: RHP Manuel Santiago
|
|
|
Batting: LHB Adam Simpson
|
0-0: Ball 1-0: Foul Ball, location: 2F 1-1: Ball 2-1: Ball 3-1: Swinging Strike 3-2: Foul Ball, location: 2F 3-2: Base on Balls
|
|
Batting: RHB Jacob Carrano
|
0-0: Ball Adam Simpson steals 2nd base 1-0: Foul Ball, location: 2F 1-1: Foul Ball, location: 2F 1-2: Foul Ball, location: 2F 1-2: SINGLE (Flyball, 8LS, EV 91.2 MPH) Adam Simpson to third Runner from 3rd tries for Home, SAFE, throw by CF to home
|
|
Batting: LHB Tony Abascal
|
0-0: Called Strike 0-1: Ball 1-1: Ball 2-1: Foul Ball, location: 2F 2-2: Foul Ball, location: 2F 2-2: Hit by Pitch Jacob Carrano to second
|
|
Batting: RHB Tristan Gimple
|
0-0: Foul Ball, location: 2F 0-1: Ball 1-1: Ball 2-1: Ball 3-1: Called Strike 3-2: Strikes out swinging
|
|
Batting: LHB Zach Brandt
|
0-0: Ball 1-0: Foul Ball, location: 2F 1-1: Fielders Choice at 2nd, 3-6 (Groundball, 3, EV 92.5 MPH) Jacob Carrano to third
|
|
Batting: RHB Masatoshi Mori
|
0-0: Ball 1-0: Foul Ball, location: 2F 1-1: SINGLE (Groundball, 15S, EV 65.6 MPH) (infield hit) Jacob Carrano scores Zach Brandt to second
|
|
Batting: RHB Mike Tarantino
|
0-0: Ball 1-0: Foul Ball, location: 2F 1-1: Ball 2-1: Ball 3-1: SINGLE (Groundball, 34D, EV 98.8 MPH) Zach Brandt to third Masatoshi Mori to second Runner from 3rd tries for Home, SAFE, throw by RF to home
|
|
Batting: RHB Marcelo Bardelli
|
0-0: SINGLE (Groundball, 4MD, EV 98.1 MPH) Masatoshi Mori to third Mike Tarantino to second Runner from 3rd tries for Home, SAFE, throw by CF to home
|
|
Batting: RHB Bill Daniel
|
0-0: Ball 1-0: Foul Ball, location: 2F 1-1: Fly out, F9 (Flyball, 9LSF, EV 73.1 MPH)
|
| Bottom of the 1st over - 4 runs, 4 hits, 0 errors, 2 left on base; Washington State University 4 - Ohio State University 4 |
| TOP OF THE 2ND |
|
Washington State University Cougars batting - Pitching for Ohio State University Buckeyes : RHP Eric Long
|
|
Batting: RHB Dave DeLaMater
|
0-0: Called Strike 0-1: Foul Ball, location: 2F 0-2: Ground out 4-3 (Groundball, 4, EV 98.1 MPH)
|
|
Batting: LHB David Jackson
|
0-0: Ball 1-0: Swinging Strike 1-1: SINGLE (Line Drive, 34D, EV 95.6 MPH)
|
|
Batting: RHB Mas Langat
|
0-0: Called Strike 0-1: Swinging Strike 0-2: DOUBLE (Flyball, 89D, EV 103.8 MPH) David Jackson to third
|
|
Batting: LHB Scott Spillers
|
0-0: Foul Ball, location: 2F 0-1: Called Strike 0-2: Ball 1-2: Ball 2-2: Ball 3-2: 3-RUN HOME RUN (Flyball, 7LD, EV 91.2 MPH), Distance : 347 ft
|
|
Pitching: RHP Roberto Morado
|
|
|
Batting: SHB Juan Delanoval
|
0-0: Called Strike 0-1: Fly out, F7 (Flyball, 7, EV 80.6 MPH)
|
|
Batting: LHB Israel Ariza
|
0-0: SINGLE (Line Drive, 89S, EV 96.9 MPH)
|
|
Batting: RHB Wil Gonzales
|
0-0: Ball 1-0: Ball 2-0: Ball 3-0: Called Strike 3-1: Ground out 4-3 (Groundball, 34D, EV 85.0 MPH)
|
| Top of the 2nd over - 3 runs, 4 hits, 0 errors, 1 left on base; Washington State University 7 - Ohio State University 4 |
| BOTTOM OF THE 2ND |
|
Ohio State University Buckeyes batting - Pitching for Washington State University Cougars : RHP Manuel Santiago
|
|
Batting: LHB Adam Simpson
|
0-0: Foul Ball, location: 2F 0-1: Ground out U3 (Groundball, 3, EV 106.9 MPH)
|
|
Batting: RHB Jacob Carrano
|
0-0: Called Strike 0-1: Called Strike 0-2: Ball 1-2: Ball 2-2: Foul Ball, location: 2F 2-2: Foul Ball, location: 2F 2-2: Ground out 6-3 (Groundball, 6, EV 103.8 MPH)
|
|
Batting: LHB Tony Abascal
|
0-0: Called Strike 0-1: Ball 1-1: Ball 2-1: Fly out, F2 (Popup, 5SF, EV 86.2 MPH)
|
| Bottom of the 2nd over - 0 runs, 0 hits, 0 errors, 0 left on base; Washington State University 7 - Ohio State University 4 |
| TOP OF THE 3RD |
|
Washington State University Cougars batting - Pitching for Ohio State University Buckeyes : RHP Roberto Morado
|
|
Batting: RHB Ryan Toth
|
0-0: Ball 1-0: Called Strike 1-1: Ball 2-1: Called Strike 2-2: Strikes out looking
|
|
Batting: RHB Ron Essink
|
0-0: Ball 1-0: Called Strike 1-1: Called Strike 1-2: DOUBLE (Flyball, 89XD, EV 97.5 MPH)
|
|
Batting: RHB Dave DeLaMater
|
0-0: Foul Ball, location: 2F 0-1: Ball 1-1: Ball 2-1: Swinging Strike 2-2: Strikes out swinging
|
|
Batting: LHB David Jackson
|
0-0: Called Strike 0-1: Called Strike 0-2: Ball 1-2: Ball 2-2: 2-RUN HOME RUN (Line Drive, 9D, EV 98.1 MPH), Distance : 379 ft
|
|
Batting: RHB Mas Langat
|
0-0: Ball 1-0: Fly out, F9 (Line Drive, 89D, EV 93.1 MPH)
|
| Top of the 3rd over - 2 runs, 2 hits, 0 errors, 0 left on base; Washington State University 9 - Ohio State University 4 |
| BOTTOM OF THE 3RD |
|
Ohio State University Buckeyes batting - Pitching for Washington State University Cougars : RHP Manuel Santiago
|
|
Batting: RHB Tristan Gimple
|
0-0: Ball 1-0: SOLO HOME RUN (Flyball, 78XD, EV 105.0 MPH), Distance : 423 ft
|
|
Batting: LHB Zach Brandt
|
0-0: Ball 1-0: Called Strike 1-1: Ground out 5-3 (Groundball, 56S, EV 85.6 MPH)
|
|
Batting: RHB Masatoshi Mori
|
0-0: Ball 1-0: Foul Ball, location: 2F 1-1: Ball 2-1: Ground out 4-3 (Groundball, 4, EV 86.2 MPH)
|
|
Batting: RHB Mike Tarantino
|
0-0: Ball 1-0: Foul Ball, location: 2F 1-1: Foul Ball, location: 2F 1-2: Fly out, F9 (Line Drive, 9S, EV 85.6 MPH)
|
| Bottom of the 3rd over - 1 run, 1 hit, 0 errors, 0 left on base; Washington State University 9 - Ohio State University 5 |
| TOP OF THE 4TH |
|
Washington State University Cougars batting - Pitching for Ohio State University Buckeyes : RHP Roberto Morado
|
|
Batting: LHB Scott Spillers
|
0-0: Ball 1-0: Ground out U3 (Groundball, 3, EV 102.5 MPH)
|
|
Batting: SHB Juan Delanoval
|
0-0: Ball 1-0: Fly out, F8 (Flyball, 8LXD, EV 95.6 MPH)
|
|
Batting: LHB Israel Ariza
|
0-0: Ball 1-0: Fly out, F9 (Flyball, 9, EV 81.9 MPH)
|
| Top of the 4th over - 0 runs, 0 hits, 0 errors, 0 left on base; Washington State University 9 - Ohio State University 5 |
| BOTTOM OF THE 4TH |
|
Ohio State University Buckeyes batting - Pitching for Washington State University Cougars : RHP Manuel Santiago
|
|
Batting: RHB Marcelo Bardelli
|
0-0: Foul Ball, location: 2F 0-1: Foul Ball, location: 2F 0-2: Strikes out swinging
|
|
Batting: RHB Bill Daniel
|
0-0: Fly out, F7 (Line Drive, 7, EV 88.8 MPH)
|
|
Batting: LHB Adam Simpson
|
0-0: Ball 1-0: Ball 2-0: Ball 3-0: Base on Balls
|
|
Batting: RHB Jacob Carrano
|
0-0: Foul Ball, location: 2F 0-1: Fly out, F5 (Popup, 5S, EV 68.1 MPH)
|
| Bottom of the 4th over - 0 runs, 0 hits, 0 errors, 1 left on base; Washington State University 9 - Ohio State University 5 |
| TOP OF THE 5TH |
|
Washington State University Cougars batting - Pitching for Ohio State University Buckeyes : RHP Roberto Morado
|
|
Batting: RHB Wil Gonzales
|
0-0: Foul Ball, location: 2F 0-1: Ball 1-1: Ball 2-1: Foul Ball, location: 2F 2-2: Foul Ball, location: 2F 2-2: Ball 3-2: Fly out, F8 (Flyball, 8LXD, EV 89.4 MPH)
|
|
Batting: RHB Ryan Toth
|
0-0: Ball 1-0: Ball 2-0: Foul Ball, location: 2F 2-1: Ball 3-1: Foul Ball, location: 2F 3-2: SINGLE (Flyball, 8RS, EV 96.2 MPH)
|
|
Pitching: RHP Leonidas Panagopoulos
|
|
|
Batting: RHB Ron Essink
|
0-0: Called Strike 0-1: SINGLE (Groundball, 56, EV 106.2 MPH) Ryan Toth to second
|
|
Batting: RHB Dave DeLaMater
|
0-0: SINGLE (Flyball, 89S, EV 90.0 MPH) Ryan Toth to third Ron Essink to second Runner from 3rd tries for Home, SAFE, throw by RF to home Ron Essink to third Dave DeLaMater to second
|
|
Batting: LHB David Jackson
|
0-0: Foul Ball, location: 2F 0-1: Ball 1-1: Foul Ball, location: 2F 1-2: Ground out 4-3 (Groundball, 4, EV 84.4 MPH) Ron Essink scores Dave DeLaMater to third
|
|
Batting: RHB Mas Langat
|
0-0: Ball 1-0: Called Strike 1-1: Ball 2-1: Ball 3-1: Fly out, F7 (Flyball, 7LM, EV 86.9 MPH)
|
| Top of the 5th over - 2 runs, 3 hits, 0 errors, 1 left on base; Washington State University 11 - Ohio State University 5 |
| BOTTOM OF THE 5TH |
|
Ohio State University Buckeyes batting - Pitching for Washington State University Cougars : RHP Manuel Santiago
|
|
Batting: LHB Tony Abascal
|
0-0: Ground out 4-3 (Groundball, 4M, EV 98.8 MPH)
|
|
Batting: RHB Tristan Gimple
|
0-0: Ball 1-0: Fly out, F7 (Flyball, 78D, EV 85.6 MPH)
|
|
Batting: LHB Zach Brandt
|
0-0: Ball 1-0: Ground out 4-3 (Groundball, 4, EV 83.8 MPH)
|
| Bottom of the 5th over - 0 runs, 0 hits, 0 errors, 0 left on base; Washington State University 11 - Ohio State University 5 |
| TOP OF THE 6TH |
|
Washington State University Cougars batting - Pitching for Ohio State University Buckeyes : RHP Leonidas Panagopoulos
|
|
Batting: LHB Scott Spillers
|
0-0: Swinging Strike 0-1: Swinging Strike 0-2: Foul Ball, location: 2F 0-2: Strikes out swinging
|
|
Batting: SHB Juan Delanoval
|
0-0: Called Strike 0-1: Ground out U3 (Groundball, 34S, EV 80.6 MPH)
|
|
Batting: LHB Israel Ariza
|
0-0: Foul Ball, location: 2F 0-1: Ground out 4-3 (Groundball, 34, EV 77.5 MPH)
|
| Top of the 6th over - 0 runs, 0 hits, 0 errors, 0 left on base; Washington State University 11 - Ohio State University 5 |
| BOTTOM OF THE 6TH |
|
Ohio State University Buckeyes batting - Pitching for Washington State University Cougars : RHP Manuel Santiago
|
|
Pitching: RHP Jim Burbidge
|
|
|
Batting: RHB Masatoshi Mori
|
0-0: Foul Ball, location: 2F 0-1: Called Strike 0-2: Ball 1-2: Strikes out swinging
|
|
Batting: RHB Mike Tarantino
|
0-0: Swinging Strike 0-1: Called Strike 0-2: Ball 1-2: Strikes out swinging
|
|
Batting: RHB Marcelo Bardelli
|
0-0: Ball 1-0: Called Strike 1-1: Called Strike 1-2: Ball 2-2: Ball 3-2: Foul Ball, location: 2F 3-2: Ground out 4-3 (Groundball, 4, EV 85.6 MPH)
|
| Bottom of the 6th over - 0 runs, 0 hits, 0 errors, 0 left on base; Washington State University 11 - Ohio State University 5 |
| TOP OF THE 7TH |
|
Washington State University Cougars batting - Pitching for Ohio State University Buckeyes : RHP Leonidas Panagopoulos
|
|
Batting: RHB Wil Gonzales
|
0-0: Called Strike 0-1: Foul Ball, location: 2F 0-2: Strikes out swinging
|
|
Pitching: RHP Kyle Collins
|
|
|
Batting: RHB Ryan Toth
|
0-0: Fly out, F8 (Flyball, 8LD, EV 100.6 MPH)
|
|
Batting: RHB Ron Essink
|
0-0: Ball 1-0: Ground out 6-3 (Groundball, 6M, EV 90.6 MPH)
|
| Top of the 7th over - 0 runs, 0 hits, 0 errors, 0 left on base; Washington State University 11 - Ohio State University 5 |
| BOTTOM OF THE 7TH |
|
Ohio State University Buckeyes batting - Pitching for Washington State University Cougars : RHP Jim Burbidge
|
|
Batting: RHB Bill Daniel
|
0-0: Swinging Strike 0-1: Foul Ball, location: 2F 0-2: Ball 1-2: SINGLE (Groundball, 56D, EV 99.4 MPH)
|
|
Batting: LHB Adam Simpson
|
0-0: Foul Ball, location: 2F 0-1: Ball 1-1: Grounds out, U3 (Groundball, 3L, EV 99.4 MPH)
|
|
Batting: RHB Jacob Carrano
|
0-0: Swinging Strike 0-1: Fly out, F8 (Flyball, 8LM, EV 80.0 MPH)
|
|
Pitching: LHP Scott Bradley
|
|
|
Batting: LHB Tony Abascal
|
0-0: Swinging Strike 0-1: Fly out, F7 (Line Drive, 78S, EV 104.4 MPH)
|
| Bottom of the 7th over - 0 runs, 1 hit, 0 errors, 1 left on base; Washington State University 11 - Ohio State University 5 |
| TOP OF THE 8TH |
|
Washington State University Cougars batting - Pitching for Ohio State University Buckeyes : RHP Kyle Collins
|
|
Batting: RHB Dave DeLaMater
|
0-0: Ball 1-0: Ball 2-0: Ball 3-0: Called Strike 3-1: Base on Balls
|
|
Batting: LHB David Jackson
|
0-0: Called Strike 0-1: Hit by Pitch Dave DeLaMater to second
|
|
Batting: RHB Mas Langat
|
0-0: SINGLE (Flyball, 56D, EV 85.6 MPH) Dave DeLaMater to third David Jackson to second
|
|
Batting: LHB Scott Spillers
|
0-0: Ball 1-0: Swinging Strike 1-1: Fly out, F4 (Line Drive, 4, EV 68.8 MPH)
|
|
Batting: SHB Juan Delanoval
|
0-0: Called Strike 0-1: Swinging Strike 0-2: Ground out 4-3 (Groundball, 4S, EV 67.5 MPH) Dave DeLaMater scores David Jackson to third Mas Langat to second
|
|
Pitching: RHP Bob Rowsell
|
|
|
Batting: LHB Israel Ariza
|
0-0: Called Strike 0-1: Ball 1-1: Ground out 4-3 (Groundball, 4, EV 104.4 MPH)
|
| Top of the 8th over - 1 run, 1 hit, 0 errors, 2 left on base; Washington State University 12 - Ohio State University 5 |
| BOTTOM OF THE 8TH |
|
Ohio State University Buckeyes batting - Pitching for Washington State University Cougars : LHP Scott Bradley
|
|
Pitching: RHP Jose Flores
|
|
|
Pinch Hitting: RHB Josh Dinsmore
|
0-0: Ball 1-0: Ball 2-0: Foul Ball, location: 2F 2-1: Foul Ball, location: 2F 2-2: Fly out, F7 (Flyball, 7, EV 95.6 MPH)
|
|
Batting: LHB Zach Brandt
|
0-0: Called Strike 0-1: Foul Ball, location: 2F 0-2: Ball 1-2: Ball 2-2: Ground out 1-3 (Groundball, 25, EV 63.8 MPH)
|
|
Batting: RHB Masatoshi Mori
|
0-0: Ball 1-0: Foul Ball, location: 2F 1-1: Swinging Strike 1-2: Fly out, F8 (Flyball, 8RM, EV 88.1 MPH)
|
| Bottom of the 8th over - 0 runs, 0 hits, 0 errors, 0 left on base; Washington State University 12 - Ohio State University 5 |
| TOP OF THE 9TH |
|
Washington State University Cougars batting - Pitching for Ohio State University Buckeyes : RHP Bob Rowsell
|
|
Now at 1B: Ben Callaway
|
|
|
Batting: RHB Wil Gonzales
|
0-0: Called Strike 0-1: Called Strike 0-2: Ball 1-2: Fly out, F8 (Flyball, 8RD, EV 95.0 MPH)
|
|
Batting: RHB Ryan Toth
|
0-0: Foul Ball, location: 2F 0-1: Foul Ball, location: 2F 0-2: Foul Ball, location: 2F 0-2: Ball 1-2: Strikes out swinging
|
|
Batting: RHB Ron Essink
|
0-0: Ball 1-0: Foul Ball, location: 2F 1-1: DOUBLE (Popup, 4MD, EV 43.1 MPH)
|
|
Batting: RHB Dave DeLaMater
|
0-0: Ball 1-0: Ball 2-0: Called Strike 2-1: Foul Ball, location: 2F 2-2: Ball 3-2: SINGLE (Groundball, 6S, EV 69.4 MPH) (infield hit) Ron Essink to third
|
|
Batting: LHB David Jackson
|
0-0: Foul Ball, location: 2F 0-1: Ball 1-1: Ball 2-1: Ground out 6-3 (Groundball, 6D, EV 101.2 MPH)
|
| Top of the 9th over - 0 runs, 2 hits, 0 errors, 2 left on base; Washington State University 12 - Ohio State University 5 |
| BOTTOM OF THE 9TH |
|
Ohio State University Buckeyes batting - Pitching for Washington State University Cougars : RHP Jose Flores
|
|
Batting: RHB Mike Tarantino
|
0-0: Ball 1-0: Ball 2-0: Ball 3-0: Base on Balls
|
|
Batting: RHB Marcelo Bardelli
|
0-0: Fly out, F3 (Popup, 3, EV 73.8 MPH)
|
|
Pinch Hitting: LHB Anthony Ross
|
0-0: Ball 1-0: Ball 2-0: Ground out 4-3 (Groundball, 34D, EV 98.1 MPH) Mike Tarantino to second
|
|
Batting: LHB Adam Simpson
|
0-0: Foul Ball, location: 2F 0-1: Ball 1-1: Called Strike 1-2: Ball 2-2: Ground out 4-3 (Groundball, 4, EV 100.0 MPH)
|
| Bottom of the 9th over - 0 runs, 0 hits, 0 errors, 1 left on base; Washington State University 12 - Ohio State University 5 |
|